Map: Ascension to Aiur LE

Players

Namshar

  • Race: Zerg Zerg
  • Spawn Location: 11:00

JonSnow - Winner!

  • Race: Zerg Zerg
  • Spawn Location: 5:00

Event: WCS Jonkoping 2017

VOD

Have the link to the VOD?

Description

Time

  • Played on: June 17, 2017, 3:36 p.m.
  • Length: 19:31

All games in this series

Show
View Real Time Build Order
Export as new Build Order

Namshar Zerg 

Build Orders: Hatch First 

Get SALT Encoding   

  12  0:00  Drone  
  13  0:12  Overlord  
  13  0:17  Drone  
  14  0:30  Drone x2  
  14  0:34  Drone  
  17  0:52  Hatchery  
  17  0:55  Drone  
  17  0:58  Drone  
  18  1:05  Extractor  
  18  1:06  Drone  
  18  1:16  Spawning Pool  
  17  1:19  Drone  
  18  1:28  Drone  
  19  1:38  Overlord  
  19  1:50  Drone  
  20  2:03  Queen, Zergling x2  
  20  2:04  Metabolic Boost  
  20  2:05  Queen  
  20  2:07  Zergling x2  
  26  2:14  Drone x2  
  28  2:21  Drone  
  29  2:25  Baneling Nest  
  29  2:27  Drone  
  29  2:31  Drone  
  30  2:38  Drone  
  30  2:44  Zergling x2  
  32  2:47  Overlord  
  32  2:55  Hatchery  
  32  2:57  Zergling x2  
  32  3:03  Drone  
  32  3:05  Drone  
  34  3:10  Zergling x2  
  35  3:23  Drone x6  
  41  3:31  Drone, Overlord  
  42  3:37  Baneling x2  
  42  3:38  Queen  
  42  3:40  Overlord  
  44  3:45  Baneling  
  44  3:46  Baneling  
  44  3:52  Zergling x4  
  44  3:53  Zergling x2  
  44  4:04  Zergling x2  
  44  4:05  Zergling x10  
  49  4:14  Queen, Baneling x2  
  51  4:17  Overlord  
  51  4:21  Roach Warren, Drone x2  
  51  4:38  Hatchery, Overlord  
  49  4:42  Extractor  
  47  4:46  Drone x2  
  47  4:47  Drone x3  
  52  4:59  Zergling x4  
  54  5:01  Extractor, Drone x2  
  54  5:03  Evolution Chamber  
  54  5:05  Drone x2  
  54  5:06  Drone  
  54  5:15  Roach x2, Spine Crawler  
  54  5:19  Roach x6  
  69  5:27  Overlord  
  72  5:28  Roach  
  72  5:29  Queen  
  72  5:31  Spine Crawler  
  72  5:32  Baneling x2  
  72  5:33  Baneling  
  69  5:41  Roach x2  
  74  5:53  Roach  
  74  5:54  Roach x3  
  82  5:58  Overlord x2  
  82  5:59  Drone  
  83  6:05  Roach x3  
  83  6:09  Overlord x2  
  89  6:30  Roach x2  
  89  6:31  Roach x6  
  105  6:33  Overlord  
  105  6:34  Drone  
  105  6:35  Evolution Chamber  
  105  6:40  Overlord  
  105  6:41  Lair  
  105  6:44  Zergling x6  
  108  6:49  Zergling x4  
  110  6:56  Zergling x10  
  110  6:58  Ravager x2  
  117  7:09  Zerg Missile Weapons Level 1  
  116  7:17  Drone x7  
  116  7:18  Drone x3  
  116  7:21  Roach  
  128  7:26  Roach x2  
  127  7:33  Roach  
  127  7:34  Roach x2  
  133  7:39  Roach x3  
  132  7:50  Overlord x2  
  128  8:02  Roach x7  
  118  8:08  Roach  
  114  8:13  Glial Reconstitution  
  114  8:16  Overlord  
  112  8:24  Roach  
  112  8:25  Roach x2  
  115  8:32  Extractor  
  115  8:33  Drone  
  113  8:34  Extractor, Drone  
  113  8:35  Drone x2  
  115  8:43  Drone x3  
  115  8:45  Drone  
  115  8:48  Drone  
  120  8:49  Evolution Chamber  
  120  8:50  Roach x4  
  120  8:51  Roach x2  
  120  8:54  Ravager, Hatchery  
  131  8:58  Roach x2  
  137  9:03  Roach x2  
  137  9:04  Roach  
  135  9:19  Roach  
  135  9:20  Roach x7  
  129  9:27  Roach x4  
  129  9:31  Roach x2  
  123  9:35  Roach  
  123  9:38  Roach  
  111  9:45  Roach x6  
  105  9:54  Roach x3  
  111  10:01  Zerg Missile Weapons Level 2  
  111  10:09  Drone  
  111  10:10  Extractor  
  111  10:12  Drone x2  
  113  10:16  Drone  
  113  10:20  Roach x4  
  122  10:23  Overlord  
  122  10:25  Roach x3  
  128  10:29  Roach x2  
  128  10:34  Roach x3  
  138  10:38  Overlord  
  138  10:39  Roach x2  
  138  10:40  Zerg Ground Armor Level 1, Roach  
  143  10:46  Roach x2  
  147  10:50  Roach  
  147  10:51  Roach  
  151  10:57  Roach x3  
  151  10:58  Roach x2  
  151  11:00  Overlord  
  151  11:01  Overseer  
  161  11:15  Roach  
  161  11:16  Roach x6  
  175  11:23  Roach  
  175  11:24  Roach x4  
  163  11:31  Roach x4  
  145  11:39  Roach  
  133  11:40  Roach x3  
  119  11:47  Roach x3  
  111  11:54  Roach  
  111  11:55  Roach x3  
  111  12:00  Roach x3  
  125  12:05  Ravager  
  125  12:06  Ravager  
  125  12:07  Ravager, Roach x2  
  125  12:08  Roach  
  134  12:19  Ravager x2  
  134  12:20  Roach x4  
  144  12:24  Roach  
  146  12:30  Overseer  
  146  12:36  Roach  
  146  12:37  Roach x5  
  158  12:44  Zerg Ground Armor Level 2  
  158  12:48  Roach x2  
  162  12:56  Overlord  
  162  12:58  Roach  
  162  12:59  Roach x2  
  168  13:08  Roach x4  
  176  13:16  Roach x4  
  184  13:20  Infestation Pit  
  184  13:24  Roach x3  
  189  13:36  Roach  
  189  13:37  Overlord  
  189  13:38  Overlord  
  189  13:41  Overlord  
  191  13:42  Overseer  
  191  13:51  Pneumatized Carapace  
  191  13:57  Ravager x3  
  191  13:59  Ravager  
  131  14:18  Roach x12  
  131  14:19  Roach x4  
  131  14:23  Roach x3  
  136  14:28  Roach x3  
  136  14:31  Roach  
  118  14:35  Roach x2  
  113  14:43  Ravager x4  
  113  14:44  Roach x2  
  121  14:46  Roach  
  121  14:51  Roach x2  
  127  14:58  Ravager  
  127  14:59  Roach  
  130  15:02  Roach x2  
  130  15:06  Roach x2  
  138  15:08  Hatchery  
  138  15:09  Roach  
  138  15:10  Roach  
  141  15:21  Roach x5  
  149  15:39  Roach x3  
  149  15:40  Roach x6  
  147  15:50  Roach x8  
  163  15:58  Ravager  
  163  15:59  Roach x2  
  135  16:17  Roach x6  
  126  16:19  Roach x4  
  126  16:25  Roach x3  
  138  16:33  Roach x3  
  142  16:42  Ravager  
  143  16:51  Hatchery  
  143  16:54  Ravager  
  143  16:55  Ravager, Roach x2  
  143  16:56  Roach  
  150  17:02  Ravager  
  150  17:03  Roach x2  
  150  17:08  Ravager, Roach  
  156  17:09  Roach  
  160  17:17  Roach x3  
  166  17:34  Roach x6  
  178  17:41  Ravager x2  
  180  17:50  Roach x4  
  172  18:07  Roach x5  
  172  18:08  Roach  
  172  18:11  Extractor  
  183  18:13  Extractor  
  183  18:15  Drone x3  
  183  18:17  Roach x2  
  189  18:26  Roach x4  
  197  18:38  Roach  
  199  18:43  Ravager  
  200  18:54  Extractor, Drone  
  200  19:02  Roach  
Show
View Real Time Build Order
Export as new Build Order

JonSnow Zerg - Winner!

Build Orders: Hatch First 

Get SALT Encoding   

  12  0:00  Drone  
  13  0:12  Overlord  
  13  0:17  Drone  
  14  0:30  Drone x2  
  14  0:34  Drone  
  17  0:52  Hatchery  
  17  0:55  Drone  
  17  0:59  Drone  
  18  1:06  Extractor  
  17  1:14  Spawning Pool  
  17  1:17  Drone  
  17  1:20  Drone  
  18  1:29  Overlord  
  18  1:39  Drone  
  19  1:56  Drone  
  19  2:00  Queen, Drone  
  23  2:03  Queen  
  23  2:04  Drone  
  26  2:08  Metabolic Boost  
  26  2:12  Zergling x2  
  27  2:16  Zergling x2  
  27  2:22  Zergling x2  
  29  2:32  Drone  
  29  2:33  Drone  
  31  2:49  Hatchery  
  30  2:53  Overlord  
  30  3:02  Zergling x2  
  30  3:03  Zergling x6  
  34  3:06  Zergling x2  
  34  3:08  Zergling x2  
  34  3:12  Overlord  
  36  3:15  Zergling x2  
  36  3:16  Zergling x8  
  41  3:20  Zergling x2  
  42  3:27  Zergling x2  
  42  3:30  Zergling x2  
  43  3:35  Roach Warren  
  43  3:37  Drone  
  43  3:40  Drone  
  44  3:44  Drone x2  
  44  3:45  Drone  
  41  4:07  Drone x3  
  41  4:08  Drone x2  
  46  4:12  Drone  
  46  4:13  Drone x2  
  46  4:16  Extractor, Lair  
  47  4:18  Evolution Chamber, Drone  
  47  4:34  Roach  
  47  4:35  Roach x4  
  54  4:39  Extractor  
  54  4:41  Roach  
  54  4:44  Queen  
  57  4:51  Overlord  
  57  4:57  Drone  
  57  5:03  Zerg Missile Weapons Level 1  
  57  5:06  Overlord x2  
  56  5:08  Drone  
  56  5:10  Drone  
  56  5:11  Drone x3  
  61  5:15  Drone x2  
  61  5:20  Glial Reconstitution  
  63  5:23  Drone x2  
  63  5:26  Drone  
  66  5:33  Drone x4  
  69  5:41  Drone x2  
  69  5:42  Drone x3  
  74  5:44  Extractor  
  74  5:46  Overlord  
  74  5:48  Overlord  
  73  5:54  Overlord  
  73  6:00  Roach x3  
  73  6:01  Roach  
  81  6:06  Overseer  
  81  6:07  Roach x2  
  85  6:12  Roach  
  85  6:13  Roach x2  
  85  6:16  Roach  
  85  6:17  Roach  
  95  6:20  Roach x2  
  95  6:24  Roach x2  
  103  6:28  Overlord  
  103  6:29  Overlord  
  101  6:34  Overlord  
  101  6:41  Overlord  
  101  6:48  Roach x6  
  101  6:50  Overlord x2  
  101  6:53  Ravager  
  114  6:58  Zerg Missile Weapons Level 2  
  114  7:00  Roach x2  
  118  7:01  Roach  
  118  7:05  Roach x2  
  124  7:11  Roach x3  
  124  7:14  Roach  
  124  7:15  Roach  
  133  7:23  Roach x3  
  133  7:24  Roach  
  141  7:33  Roach x2  
  141  7:35  Overlord x2  
  145  7:38  Overlord  
  139  7:44  Overlord  
  139  7:46  Roach x3  
  141  7:59  Roach  
  141  8:00  Roach x6  
  131  8:06  Roach x2  
  131  8:11  Roach x2  
  122  8:15  Roach x2  
  122  8:16  Roach x2  
  122  8:22  Roach x3  
  128  8:31  Roach x4  
  134  8:36  Roach x2  
  134  8:38  Ravager  
  139  8:43  Roach x2  
  144  8:48  Drone  
  144  8:50  Roach  
  144  8:51  Roach  
  144  8:54  Extractor  
  147  8:56  Ravager  
  147  8:58  Roach x2  
  147  8:59  Overlord  
  152  9:05  Drone x2  
  152  9:06  Drone  
  147  9:21  Roach x6  
  147  9:22  Roach  
  139  9:25  Roach x2  
  139  9:26  Roach x2  
  125  9:34  Roach x3  
  123  9:39  Roach x4  
  123  9:45  Roach x2  
  123  9:50  Roach  
  123  9:51  Roach  
  118  9:56  Roach  
  118  9:57  Roach x2  
  120  10:03  Roach x3  
  120  10:04  Roach  
  124  10:09  Ravager  
  124  10:12  Roach x3  
  131  10:14  Hatchery  
  131  10:18  Drone  
  131  10:21  Drone x2  
  133  10:23  Zerg Ground Armor Level 1  
  133  10:31  Roach x4  
  141  10:38  Roach x2  
  141  10:42  Roach x3  
  153  10:43  Roach  
  153  10:49  Roach x4  
  159  10:59  Roach  
  159  11:00  Roach x5  
  171  11:06  Overlord  
  171  11:13  Roach  
  171  11:14  Roach x6  
  185  11:23  Roach x4  
  173  11:32  Roach x3  
  151  11:37  Roach x3  
  151  11:38  Roach  
  141  11:41  Roach x3  
  141  11:47  Roach  
  141  11:53  Roach  
  141  11:54  Roach x2  
  137  12:01  Roach x2  
  134  12:04  Drone x3  
  134  12:05  Drone x2  
  139  12:09  Roach x4  
  139  12:10  Extractor  
  139  12:12  Roach x2  
  150  12:17  Roach  
  150  12:19  Ravager  
  150  12:20  Ravager x2  
  155  12:24  Ravager  
  155  12:28  Roach x2  
  160  12:30  Zergling x2  
  160  12:33  Queen  
  163  12:38  Extractor  
  163  12:43  Roach x7  
  176  12:47  Overseer  
  176  12:51  Roach x2  
  180  12:56  Roach x3  
  186  12:59  Ravager  
  186  13:04  Ravager  
  187  13:10  Roach x3  
  187  13:11  Roach x2  
  197  13:16  Roach  
  199  13:33  Overlord  
  199  13:43  Pneumatized Carapace  
  177  14:14  Roach x20  
  180  14:23  Roach x4  
  156  14:26  Roach x6  
  156  14:30  Roach  
  156  14:31  Roach x2  
  151  14:34  Roach  
  153  14:40  Roach x2  
  153  14:41  Ravager x3  
  153  14:42  Ravager x4  
  153  14:43  Ravager x2  
  153  14:44  Roach  
  168  14:50  Roach x3  
  174  14:54  Roach  
  174  14:57  Overseer  
  174  14:58  Roach x3  
  174  14:59  Roach  
  184  15:18  Hatchery  
  184  15:19  Roach x2  
  184  15:20  Roach x2  
  191  15:25  Roach x3  
  197  15:30  Infestation Pit  
  186  15:38  Roach x5  
  196  15:49  Roach x5  
  188  16:06  Roach  
  188  16:07  Roach x6  
  162  16:12  Roach x3  
  162  16:18  Roach x3  
  147  16:23  Infestor x2  
  147  16:25  Infestor  
  134  16:28  Ravager x2  
  134  16:31  Roach  
  134  16:32  Roach  
  135  16:37  Roach x2  
  135  16:39  Ravager  
  138  16:45  Burrow  
  140  16:47  Roach  
  140  16:53  Extractor, Drone  
  140  16:57  Roach x3  
  146  17:04  Roach x3  
  146  17:07  Ravager x2  
  154  17:12  Roach x2  
  154  17:13  Roach  
  160  17:17  Roach x2  
  160  17:19  Overlord x2  
  164  17:23  Overseer  
  164  17:29  Extractor, Roach, Spine Crawler  
  166  17:30  Roach  
  166  17:34  Roach  
  166  17:35  Roach x2  
  172  17:43  Roach x4  
  180  17:49  Roach x2  
  180  17:50  Roach  
  181  18:05  Roach x6  
  185  18:16  Ravager  
  185  18:17  Ravager x2  
  185  18:18  Roach  
  188  18:24  Roach x3  
  190  18:30  Roach x4  
  198  18:39  Roach  
  198  19:13  Hydralisk Den  
Tags
 
Add a new tag
Caveats
  • Supply blocks, unpowered buildings, or Contaminate may cause inaccurate times.
  • Supply counts are checked every 10 seconds.